 Dungeon Crawl Stone Soup version 0.28.0-53-g5a82cb258f (webtiles) character file.

Game seed: 18142148155408942458

31 Doot the Caller (level 3, -3/21 HPs)
             Began as an Octopode Summoner on June 3, 2022.
             Killed from afar by Sigmund (9 damage)
             ... with a puff of flame
             ... on level 2 of the Dungeon.
             The game lasted 00:04:37 (1701 turns).

Doot the Caller (Octopode Summoner)                 Turns: 1701, Time: 00:04:37

Health: -3/21      AC:  1    Str:  7    XL:     3   Next: 22%
Magic:  2/6        EV: 13    Int: 19    God:
Gold:   25         SH:  0    Dex: 12    Spells: 0/6 levels left

rFire   . . .      SeeInvis .   e - +0 spear
rCold   + . .      Faith    .   (no shield)
rNeg    . . .      Spirit   .   b - +0 hat
rPois   .          Reflect  .   (no amulet)
rElec   .          Harm     .   g - ring of protection from cold
rCorr   .          Rampage  .   (no ring)
Will    .....                   (no ring)
Stlth   +++.......              (no ring)
HPRegen 0.07/turn               (no ring)
MPRegen 0.10/turn               (no ring)
                                (no ring)
                                (no ring)

@: no status effects
A: almost no armour, amphibious, 8 rings, camouflage 1, gelatinous body 1,
(nimble swimmer 1), tentacles
a: no special abilities


You were on level 2 of the Dungeon.
You visited 1 branch of the dungeon, and saw 3 of its levels.

You collected 25 gold pieces.

Inventory:

Hand Weapons
 e - a +0 spear (weapon)
Missiles
 c - 95 stones
Armour
 b - a +0 hat (worn)
Jewellery
 g - a ring of protection from cold (left tentacle)
Scrolls
 a - 2 scrolls of teleportation {unknown}
 d - 3 scrolls of immolation {unknown}
 f - 2 scrolls of identify {unknown}
 h - a scroll of blinking {unknown}
Potions
 i - a potion of cancellation {unknown}


   Skills:
 + Level 0.7 Polearms
 + Level 2.1 Dodging
 + Level 3.2 Stealth
 + Level 2.1 Spellcasting
 + Level 4.6 Summonings


You couldn't memorise any spells.
You knew the following spells:

 Your Spells              Type           Power      Damage    Failure   Level
a - Summon Small Mammal   Summ           76%        N/A       2%          1
b - Call Imp              Summ           19%        N/A       3%          2
c - Call Canine Familiar  Summ           19%        N/A       8%          3

Your spell library contained the following spells:

 Spells                   Type           Power      Damage    Failure   Level
 Summon Guardian Golem    Hex/Summ       10%        N/A       21%         3
 Summon Lightning Spire   Summ/Air       10%        N/A       54%         4


Dungeon Overview and Level Annotations

Branches:
Dungeon (3/15)

Altars:
Okawaru

Annotations:
D:2 Sigmund
D:3 Grinder


Innate Abilities, Weirdness & Mutations

You cannot wear most types of armour.
You are amphibious.
You can wear up to eight rings at the same time.
Your skin changes colour to match your surroundings (Stealth+).
Your rubbery body absorbs attacks. (AC +1, EV +1)
((You are camouflaged when in or above water. (Stealth+)))
You have tentacles for arms and can constrict up to eight enemies at once.


Message History

r - Retreat! s - Stop attacking. g - Guard the area. f - Follow me.
Anything else - Cancel.
Guard this area!
Unknown command.
Unknown command.
Unknown command.
Unknown command.
What are your orders? t - Shout!
Orders for allies: a - Attack new target. r - Retreat! s - Stop attacking. g - Guard the area. f - Follow me.
Anything else - Cancel.
Gang up on whom?
Press: ? - help, Dir - move target, f - Sigmund
Aim: Sigmund, wielding a +0 scythe and wearing a +2 robe (asleep) Attack!
Sigmund shouts!
Unknown command.
Your white imp barely misses Sigmund.
Sigmund points at you and mumbles some strange words.
The magic dart hits you!
Unknown command.
Your white imp hits Sigmund.
Your white imp freezes Sigmund.
Your hound bites Sigmund but does no damage.
Your hound bites Sigmund.
Your hound bites Sigmund but does no damage.
Sigmund points at you and mumbles some strange words.
The magic dart hits you!
* * * LOW HITPOINT WARNING * * *
Your white imp completely misses Sigmund.
Your hound completely misses Sigmund.
Your hound misses Sigmund.
Unknown command.
Unknown command.
Your hound bites Sigmund but does no damage.
Sigmund gestures at you while chanting. The puff of flame hits you!
You die...

######### ........#
........# ........#
$....h..+
.....5@.##########
#######...........
#.....##### #.._@^..#
#############.......#
......)........†....#
......>†......#.###.#
.#####.##.....#.# (#
## #.##.###.#.# #
#.##.###.#.#
#.....##.#.#
#.....##.#.#


You could see Sigmund (ally target), a friendly hound (summoned) and a friendly
white imp (summoned).

Vanquished Creatures
  2 worms (D:2)
  A giant cockroach (D:2)
  4 goblins
  4 hobgoblins
  3 ball pythons
  4 bats
  2 frilled lizards (D:1)
  2 kobolds
  3 rats
25 creatures vanquished.

Vanquished Creatures (collateral kills)
  A rat (D:1)
1 creature vanquished.

Vanquished Creatures (others)
  12 plants (D:3)
12 creatures vanquished.

Grand Total: 38 creatures vanquished

Notes
Turn   | Place    | Note
-------+----------+-------------------------------------------
     0 | D:1      | Doot the Octopode Summoner began the quest for the Orb.
     0 | D:1      | Reached XP level 1. HP: 11/11 MP: 3/3
   286 | D:1      | Reached XP level 2. HP: 5/17 MP: 1/5
   670 | D:1      | Learned a level 2 spell: Call Imp
  1019 | D:2      | Found an iron altar of Okawaru.
  1028 | D:2      | Noticed Sigmund
  1408 | D:3      | Noticed Grinder
  1427 | D:3      | Reached XP level 3. HP: 21/21 MP: 6/6
  1443 | D:3      | Learned a level 3 spell: Call Canine Familiar
  1527 | D:2      | You fall into a shaft and drop 1 floor!
  1701 | D:2      | Killed from afar by Sigmund

Illustrated notes

Levels and vault maps discovered:
D:1:      sevenhm_arrival_forest_fort_small_3, layout_basic
D:2:      layout_basic, basic_altar, chequers_ecumenical_altar_island,
          uniq_sigmund
D:3:      layout_loops_ring, serial_bayou, serial_bayou_pond_b,
          serial_bayou_shore_b, serial_bayou_pond_c, serial_bayou_lagoon_b,
          ebering_ghost_rock_garden, uniq_grinder

Skill      XL: |  1  2 |
---------------+-------+-----
Stealth        | 3 |  3.2
Polearms       | |  0.7
Dodging        | |  2.1
Spellcasting   | |  2.1
Summonings     | |  4.6

Action                   || total
-------------------------++-------
Melee: Spear             ||    63
       Tentacles         ||    15
       Unarmed           ||     4
       Constrict         ||    14
       Punch             ||     2
 Cast: Summon Small Mamm ||     5
       Call Imp          ||     4
       Call Canine Famil ||     1
 Stab: Sleeping          ||     7
       Distracted        ||     1
Armor: Skin              ||     6
Dodge: Dodged            ||    41
